AoeStats
← mats931

Black Forest

510374059Analyzed
2v2 RM · 18h ago on Sep 30, 2026· 64m 59s· 4 players
Game mode
Random Map
Map size
Medium (4 player)
Population
200
Speed
Normal
Resources
Standard
Victory
Conquest
Starting age
Dark Age
Ending age
Imperial Age
RankedLock teamsTeams togetherTeam positionsShared explorationLock speedFull tech treeHidden civsTurbo modeCheats
Victory
Defeat
🇷🇸 Goths · Serbia
959
+15
🇷🇸 Teutons · Serbia
959
+15
🇩🇪 Danes · Germany
932
-15
🇩🇪 Saracens · Germany
932
-15
mats931
0:27 Loom
12:03 Feudal Age
14:19 Wheelbarrow
13:32 Horse Collar
13:43 Double-Bit Axe
19:39 Castle Age
22:35 Crossbowman
23:28 Stone Mining
23:40 Heavy Plow
24:07 Bow Saw
25:53 Fletching
27:05 Thumb Ring
27:50 Gold Mining
28:34 Forging
30:01 Ballistics
29:47 Padded Archer Armor
32:08 Hand Cart
31:38 Town Watch
34:40 Gold Shaft Mining
34:30 Scale Barding Armor
34:54 Husbandry
35:05 Bloodlines
39:06 Imperial Age
39:04 Iron Casting
39:41 Chain Barding Armor
41:03 Blast Furnace
40:00 Bodkin Arrow
39:48 Heavy Camel Rider
41:32 Plate Barding Armor
41:46 Caravan
42:17 Coinage
41:33 Arbalester
42:51 Scale Mail Armor
44:29 Conscription
44:25 Counterweights
47:18 Banking
50:06 Parthian Tactics
57:14 Hoardings
59:03 Onager
59:19 Light Cavalry
60:21 Hussar
Schokoladeneis
0:26 Loom
11:49 Feudal Age
13:25 Wheelbarrow
14:04 Double-Bit Axe
17:36 Castle Age
16:32 Horse Collar
18:43 Hand Cart
24:46 Bow Saw
24:29 Gold Mining
24:44 Heavy Plow
26:11 Forging
32:45 Man-at-Arms
33:11 Gambesons
33:27 Squires
33:13 Arson
34:21 Scale Mail Armor
35:17 Ballistics
34:21 Long Swordsman
36:49 Gold Shaft Mining
36:06 Stone Mining
40:03 Imperial Age
38:41 Stone Shaft Mining
41:08 Iron Casting
40:50 Chain Mail Armor
40:13 Onager
42:50 Chemistry
43:11 Siege Onager
46:43 Siege Engineers
46:04 Two-Handed Swordsman
46:05 Pikeman
47:38 Champion
51:28 Elite Varangian Guard
54:53 Caravan
56:22 Halberdier
58:17 Blast Furnace
57:47 Plate Mail Armor
60:02 Heavy Scorpion
Ancica
0:27 Loom
11:37 Feudal Age
15:48 Horse Collar
15:55 Double-Bit Axe
23:17 Castle Age
22:12 Fletching
22:36 Forging
22:43 Gold Mining
22:44 Stone Mining
24:07 Wheelbarrow
25:23 Fortified Wall
25:17 Heavy Plow
26:25 Bow Saw
26:50 Masonry
27:32 Hand Cart
28:49 Ballistics
28:28 Bodkin Arrow
29:09 Iron Casting
28:21 Fishing Lines
30:28 Padded Archer Armor
30:30 Scale Mail Armor
35:34 Imperial Age
32:51 Town Watch
35:20 Scale Barding Armor
35:55 Cavalier
36:47 Bloodlines
37:17 Conscription
37:15 Caravan
38:45 Blast Furnace
38:05 Chain Barding Armor
38:36 Crop Rotation
39:08 Town Patrol
40:11 Two-Man Saw
39:20 Paladin
41:10 Chain Barding Armor
42:43 Plate Barding Armor
42:30 Pikeman
43:11 Squires
43:29 Chain Mail Armor
43:49 Siege Engineers
44:45 Chemistry
43:48 Halberdier
44:14 Arson
45:04 Ironclad
45:11 Onager
49:39 Siege Onager
62:13 Plate Mail Armor
61:37 Heated Shot
62:14 Bombard Tower
Foxy_Leo
0:35 Loom
11:32 Feudal Age
12:28 Double-Bit Axe
12:28 Horse Collar
18:33 Castle Age
17:14 Stone Mining
26:24 Wheelbarrow
26:33 Gold Mining
27:11 Bow Saw
28:30 Stone Shaft Mining
27:43 Town Watch
30:50 Forging
32:33 Iron Casting
32:24 Heavy Plow
33:05 Hand Cart
38:18 Imperial Age
36:01 Scale Mail Armor
36:06 Fishing Lines
36:59 Town Patrol
37:42 Caravan
38:19 Ballistics
38:16 Chain Mail Armor
40:46 Chemistry
39:27 Treadmill Crane
41:13 Blast Furnace
40:11 Gillnets
41:08 Masonry
40:53 Murder Holes
41:39 Coinage
42:13 Conscription
41:54 Perfusion
41:18 Elite Huskarl
42:51 Pikeman
43:32 Squires
44:27 Halberdier
47:41 Man-at-Arms
49:22 Banking
51:58 Anarchy
55:55 Architecture
54:47 Long Swordsman
57:01 Two-Handed Swordsman
58:37 Champion
Connection lost

Rejoining the realm…

Still unreachable

The connection could not be restored.

Session expired

The server has moved on; the page needs a fresh start.